Map: Persephone LE

Players

ArT - Winner!

  • Race: Protoss Protoss
  • League: Master
  • Spawn Location: 11:00

LiquidMaNa (MaNa)

  • Race: Protoss Protoss
  • League: Grandmaster
  • Spawn Location: 7:00

Event: FEL Cracov 2025

VOD

Have the link to the VOD?

Description

Time

  • Played on: July 27, 2025, 9:53 a.m.
  • Length: 10:15

All games in this series

Show
View Real Time Build Order
Export as new Build Order

ArT Protoss - Winner!

Build Orders: Oracle Opening, Blink Stalkers 

Get SALT Encoding   

  12  0:00  Probe  
  13  0:12  Probe  
  14  0:17  Pylon  
  14  0:24  Probe  
  15  0:32  Probe  
  15  0:37  Gateway  
  15  0:40  Probe  
  16  0:45  Assimilator  
  17  0:51  Probe  
  17  0:56  Assimilator  
  18  0:59  Probe  
  19  1:07  Probe  
  19  1:08  Gateway  
  20  1:17  Probe  
  21  1:27  Cybernetics Core  
  21  1:29  Probe  
  22  1:38  Pylon  
  22  1:41  Probe  
  23  2:03  Stargate, Adept  
  23  2:04  Adept  
  27  2:10  Warp Gate  
  27  2:17  Pylon  
  31  2:37  Oracle  
  31  2:41  Probe  
  31  2:54  Probe  
  32  3:03  Nexus  
  32  3:05  Oracle  
  32  3:15  Probe  
  36  3:27  Probe  
  36  3:30  Pylon  
  35  3:38  Twilight Council  
  35  3:40  Gateway  
  33  3:43  Probe  
  34  3:51  Blink  
  34  3:55  Probe  
  32  3:58  Stalker  
  32  3:59  Pylon  
  34  4:03  Stalker  
  34  4:07  Probe  
  34  4:14  Probe  
  34  4:21  Probe  
  34  4:24  Probe  
  36  4:31  Stalker  
  37  4:33  Probe  
  37  4:34  Probe  
  39  4:41  Stalker  
  41  4:48  Stalker  
  41  4:52  Probe x2  
  45  4:57  Stalker  
  47  5:04  Probe x2, Stalker  
  51  5:13  Stalker  
  53  5:16  Probe x2  
  53  5:19  Pylon  
  55  5:22  Stalker  
  55  5:28  Probe  
  57  5:30  Stalker  
  57  5:34  Probe  
  59  5:39  Stalker  
  59  5:40  Probe  
  60  5:47  Stalker  
  60  5:48  Probe  
  60  5:52  Probe  
  61  5:59  Nexus  
  61  6:00  Probe  
  62  6:04  Probe  
  62  6:05  Assimilator  
  62  6:08  Pylon  
  63  6:12  Stalker  
  63  6:13  Charge, Probe  
  63  6:16  Probe  
  67  6:24  Pylon  
  67  6:25  Probe  
  68  6:29  Probe  
  69  6:34  Gateway  
  69  6:38  Probe  
  69  6:39  Gateway  
  70  6:41  Pylon  
  70  6:42  Probe  
  71  6:49  Probe  
  71  6:52  Gateway  
  71  6:53  Gateway  
  72  6:56  Sentry  
  72  6:57  Phoenix  
  72  6:58  Probe  
  74  7:02  Probe  
  75  7:11  Probe  
  75  7:12  Probe, Gateway  
  75  7:13  Gateway  
  77  7:16  Gateway  
  77  7:21  Probe  
  77  7:22  Pylon, Templar Archives  
  78  7:23  Probe  
  78  7:28  Pylon  
  79  7:36  Stalker, Zealot x3  
  87  7:38  Zealot  
  89  7:50  Probe  
  89  7:51  Probe  
  91  7:52  Zealot x2  
  91  7:55  Probe  
  96  7:59  Pylon  
  96  8:00  High Templar  
  96  8:01  High Templar, Zealot x3  
  100  8:06  Probe  
  100  8:10  Probe  
  101  8:14  Robotics Facility  
  101  8:15  Zealot x2  
  101  8:16  Archon  
  105  8:24  Zealot x3  
  105  8:25  Zealot  
  111  8:29  Zealot  
  113  8:35  Zealot x2  
  115  8:44  High Templar x2  
  115  8:45  Zealot x3  
  111  8:49  Archon  
  111  8:54  Probe x2  
  87  8:57  Zealot x3  
  87  8:58  Zealot  
  83  9:07  Zealot x3  
  81  9:21  High Templar x2  
  81  9:22  Zealot x4  
  93  9:24  Probe x2  
  93  9:26  Archon  
  93  9:29  Zealot x2  
  99  9:37  Zealot  
  95  9:48  Zealot x4  
  95  9:49  Zealot  
  99  9:55  Zealot  
  99  9:56  Zealot x2  
  96  10:07  High Templar x2, Zealot  
Show
View Real Time Build Order
Export as new Build Order

LiquidMaNa Protoss 

Build Orders: Phoenix Opening, Archon Immortal 

Get SALT Encoding   

  12  0:00  Probe  
  13  0:12  Probe  
  14  0:17  Pylon  
  14  0:24  Probe  
  15  0:32  Probe  
  15  0:35  Gateway  
  15  0:41  Probe  
  16  0:46  Assimilator  
  17  0:50  Probe  
  18  0:59  Probe  
  19  1:04  Assimilator  
  19  1:07  Probe  
  19  1:08  Pylon  
  20  1:17  Probe  
  20  1:24  Cybernetics Core  
  21  1:29  Probe  
  21  1:30  Zealot  
  24  1:41  Probe  
  25  1:53  Probe  
  26  2:00  Phoenix, Sentry  
  26  2:01  Warp Gate  
  28  2:05  Probe  
  29  2:12  Nexus  
  29  2:18  Pylon  
  29  2:24  Adept  
  31  2:34  Stargate  
  31  2:37  Probe  
  31  2:43  Shield Battery  
  31  2:49  Probe  
  32  2:54  Shield Battery  
  32  3:00  Stalker  
  32  3:01  Probe  
  35  3:09  Phoenix  
  35  3:14  Probe  
  37  3:26  Probe, Phoenix  
  32  3:40  Probe  
  35  3:41  Probe  
  36  3:58  Probe x2  
  38  4:07  Stalker  
  38  4:08  Probe  
  40  4:10  Probe  
  40  4:16  Probe  
  42  4:22  Probe  
  44  4:24  Probe  
  44  4:28  Phoenix  
  47  4:34  Probe  
  47  4:36  Probe  
  47  4:37  Stalker  
  51  4:46  Probe  
  51  4:48  Probe  
  51  4:58  Probe  
  52  5:00  Robotics Facility  
  52  5:01  Probe  
  52  5:02  Forge, Assimilator  
  52  5:06  Assimilator  
  53  5:08  Pylon  
  53  5:10  Probe  
  54  5:18  Pylon  
  54  5:20  Immortal  
  54  5:26  Probe x2  
  56  5:29  Protoss Ground Weapons Level 1  
  56  5:38  Probe  
  56  5:39  Immortal  
  56  5:42  Probe, Stalker  
  64  5:54  Probe x2  
  64  5:55  Shield Battery  
  64  5:56  Twilight Council  
  66  5:57  Gateway  
  66  6:05  Gateway  
  66  6:06  Probe x2  
  66  6:08  Stalker  
  68  6:31  Gateway  
  68  6:32  Charge  
  68  6:33  Gateway  
  68  6:36  Gateway x2  
  68  6:41  Zealot  
  68  6:44  Pylon  
  70  6:49  Pylon  
  70  6:50  Pylon  
  70  7:02  Immortal  
  76  7:10  Templar Archives, Zealot  
  76  7:11  Zealot x2  
  76  7:15  Nexus  
  80  7:24  Protoss Ground Weapons Level 2  
  80  7:29  Pylon  
  80  7:31  Zealot x4  
  88  7:39  Zealot  
  90  7:46  Warp Prism  
  90  7:49  High Templar x2  
  94  7:53  Archon  
  94  7:54  High Templar x2  
  94  7:57  Zealot  
  100  7:58  Archon  
  100  8:07  Zealot  
  102  8:13  Pylon  
  102  8:14  Pylon  
  106  8:29  High Templar x3  
  106  8:30  Zealot x2  
  106  8:32  High Templar  
  106  8:33  Zealot  
  114  8:34  Archon  
  114  8:36  Archon  
  114  8:38  Probe x2  
  108  8:46  Immortal  
  90  8:51  Zealot x2  
  90  8:54  Zealot  
  76  9:02  Zealot  
  76  9:03  Zealot x2  
  76  9:04  Zealot  
  72  9:14  High Templar x2  
  70  9:19  Archon, Zealot  
  70  9:23  Zealot x3  
  74  9:26  Zealot  
  72  9:44  Zealot x4  
  70  9:49  Zealot x2  
  66  9:54  Zealot  
  58  10:06  Zealot x2  
Tags
 
Add a new tag
Caveats
  • Supply blocks, unpowered buildings, or Contaminate may cause inaccurate times.
  • Supply counts are checked every 10 seconds.